 Dungeon Crawl Stone Soup version 0.18-a0-912-g81d1dc4 (webtiles) character file.

7122 sugabear the Cudgeler (level 11, -10/58 HPs)
             Began as a Vine Stalker Gladiator on Dec 26, 2015.
             Was a Priest of Kikubaaqudgha.
             Blown up by Psyche (14 damage)
             ... with a wand of disintegration
             ... on level 10 of the Dungeon.
             The game lasted 00:22:24 (10184 turns).

sugabear the Cudgeler (Vine Stalker Gladiator)     Turns: 10184, Time: 00:22:24

Health: -10/58     AC: 10    Str: 18    XL:     11   Next: 10%
Magic:  0/12       EV: 16    Int:  8    God:    Kikubaaqudgha [***...]
Gold:   648        SH:  0    Dex: 18    Spells: 0 memorised, 10 levels left

rFire  . . .     SeeInvis .     J - +3 flail (crush)
rCold  . . .     Gourm    .     N - +3 ring mail {rN+}
rNeg   + . .     Faith    .     (no shield)
rPois  .         Spirit   +     c - +0 helmet
rElec  .         Dismiss  .     (no cloak)
rCorr  .         Reflect  .     (no gloves)
SustAt .         Harm     .     (no boots)
MR     +....                    A - amulet of regeneration
Stlth  +++++.....               m - ring of stealth
                                h - ring of stealth

@: very slightly contaminated, hasted, very quick, somewhat resistant to hostile
enchantments, quite stealthy
A: fangs 3, regeneration 2, evolution 1, magic shield, antimagic bite, no device
heal 3, rot immunity
a: Receive Corpses, Renounce Religion


You were on level 10 of the Dungeon.
You worshipped Kikubaaqudgha.
Kikubaaqudgha was most pleased with you.
You were full.

You visited 3 branches of the dungeon, and saw 13 of its levels.
You visited the Abyss 1 time.

You collected 648 gold pieces.

Inventory:

Hand Weapons
 s - a +1 morningstar
 J - a +3 flail of crushing (weapon)
 M - a +0 flail of holy wrath
Missiles
 C - 4 javelins of returning (quivered)
Armour
 c - a +0 helmet (worn)
 N - a +3 ring mail of positive energy (worn)
Jewellery
 h - a ring of stealth (left hand)
 m - a ring of stealth (right hand)
 p - an uncursed ring of positive energy
 q - an uncursed ring of fire
 y - a +2 ring of dexterity
 z - an uncursed ring of see invisible
 A - an amulet of regeneration (around neck)
 I - a +3 ring of intelligence
Wands
 b - a wand of frost (26/48)
 d - a wand of confusion (20/48)
 g - a wand of cold (5/15)
 i - a wand of fire (8/15)
 r - a wand of heal wounds (8/9)
 t - a wand of flame (10/48)
 w - a wand of disintegration (24/24)
 x - a wand of random effects (28/48)
 G - a wand of enslavement (14/24)
Scrolls
 e - 6 scrolls of identify
 l - 2 scrolls of teleportation
 o - 4 scrolls of recharging
 B - 2 scrolls of immolation
 L - a scroll of remove curse
 P - a scroll of enchant armour
Potions
 u - 2 potions of brilliance
 E - a potion of curing
 O - a potion of berserk rage {unknown}
Books
 a - a book of Dreams

   Spells                             Type                      Level
   a - Ensorcelled Hibernation        Hexes/Ice                    2
   b - Phase Shift                    Translocation                5
   c - Shadow Creatures               Summoning                    5
   d - Silence                        Hexes/Air                    5
   e - Darkness                       Hexes                        6
   f - Mass Confusion                 Hexes                        6
 v - a book of Necromancy

   Spells                             Type                      Level
   a - Pain                           Necromancy                   1
   b - Animate Skeleton               Necromancy                   1
   c - Vampiric Draining              Necromancy                   3
   d - Regeneration                   Charms/Necromancy            3
   e - Animate Dead                   Necromancy                   4
   f - Control Undead                 Necromancy                   4
 H - Kikubaaqudgha's Reference Book on Evil
   (Kikubaaqudgha gifted it to you on level 10 of the Dungeon)

   Spells                             Type                      Level
   a - Excruciating Wounds            Charms/Necromancy            5
   b - Agony                          Necromancy                   5
   c - Cigotuvi's Embrace             Necromancy                   5
   d - Dispel Undead                  Necromancy                   5
   e - Simulacrum                     Ice/Necromancy               6
 K - Kikubaaqudgha's Incunabulum of Evil Secrets
   (Kikubaaqudgha gifted it to you on level 6 of the Dungeon)

   Spells                             Type                      Level
   a - Pain                           Necromancy                   1
   b - Corpse Rot                     Necromancy                   2
   c - Sublimation of Blood           Necromancy                   2
   d - Regeneration                   Charms/Necromancy            3
   e - Control Undead                 Necromancy                   4
Comestibles
 f - 5 bread rations
 j - a slice of pizza
 k - 4 beef jerkies
 F - 8 fruits


   Skills:
 + Level 6.4 Fighting
 + Level 7.7 Maces & Flails
 + Level 2.1 Throwing
 + Level 4.6 Armour
 + Level 7.4 Dodging
 + Level 6.2 Stealth
 * Level 6.6 Necromancy


You had 10 spell levels left.
You didn't know any spells.

Dungeon Overview and Level Annotations

Branches:
Dungeon (11/15)            Temple (1/1) D:4            Lair (1/8) D:8
    Orc: D:9-12

Altars:
Ashenzari
Cheibriados
Dithmenos
Elyvilon
Fedhas
Gozag
Kikubaaqudgha
Makhleb
Nemelex Xobeh
Okawaru
Pakellas
Qazlal
Ru
Sif Muna
Trog
Vehumet
Xom
Yredelemnul
Zin
The Shining One

Annotations:
D:10 Psyche


Innate Abilities, Weirdness & Mutations

You have razor-sharp teeth.
You heal very quickly.
When hurt, damage is shared between your health and your magic reserves.
Your bite disrupts and absorbs the magic of your enemies.
Potions and wands cannot restore your health.
You are immune to rotting.
You evolve.


Message History

Welcome back to the Dungeon!
Level annotation: Psyche Psyche shouts!
Psyche casts a cantrip, but nothing happens.
Psyche closely misses you. x2
Drink which item? (? for menu, Esc to quit)
You feel yourself speed up. Psyche barely misses you.
The small abomination hits you!
You are very lightly contaminated with residual magic.
You sock Psyche! Your bite misses Psyche.
Psyche is moderately wounded.
Psyche zaps a wand.
You are blasted!
* * * LOW HITPOINT WARNING * * *
The small abomination hits you!
* * * LOW HITPOINT WARNING * * *
You hit Psyche.
Psyche is heavily wounded.
Psyche zaps a wand.
You are blasted!
You die...
Kikubaaqudgha rasps: "You have failed me!
Welcome... death!"

.#### #.############.#
.##.####.#.........##.#
.#.#.##....###........#
..###......# #.###.####
.## ##.....# #.# #.# ##
##..#.# #.# #.# .##
##.###.###.# #.#
#.###.........(###.#
##.#.#####.....x@@>#
##.## ########### ###


You could see Psyche and a small abomination.

Vanquished Creatures
  A deep elf mage (D:10)
  An ugly thing (D:10)
  A large abomination (Abyss:2)
  A komodo dragon (Lair:1)
  Grinder (D:5)
  Sigmund (D:2)
  3 yaks (D:9)
  A wyvern (D:9)
  2 hippogriffs
  Eustachio (D:5)
  Edmund (D:3)
  5 insubstantial wisps (Abyss:2)
  3 black bears
  2 sky beasts
  3 ice beasts
  An orc warrior (D:9)
  An eye of draining (D:9)
  7 centaurs
  2 phantoms
  2 ogres
  A big kobold (D:7)
  Blork the orc (D:5)
  3 giant frogs
  A killer bee (D:8)
  5 wights (D:8)
  4 crimson imps
  A giant frog zombie (D:8)
  A jelly (D:8)
  2 centaur skeletons
  5 hounds
  9 orc priests
  Crazy Yiuf (D:2)
  A giant frog skeleton (D:9)
  Natasha (thrice) (D:2)
  7 orc wizards
  3 iguanas
  3 sheep (D:10)
  3 worker ants
  A hound skeleton (D:5)
  A worker ant zombie (D:9)
  5 gnolls
  6 adders
  2 shadow imps (D:7)
  A white imp (D:9)
  2 oozes
  An adder skeleton (D:7)
  2 worms
  4 giant geckos
  54 orcs
  7 bats
  8 giant cockroaches
  9 goblins
  10 hobgoblins
  18 jackals
  17 kobolds
  3 quokkas
  4 ball pythons
  2 giant gecko skeletons
  3 giant newts
  3 goblin skeletons (D:9)
  A goblin zombie (D:9)
  7 hobgoblin zombies (D:9)
  A kobold skeleton (D:9)
  An orc skeleton (D:9)
  An orc zombie (D:9)
  2 quokka skeletons
  16 rats
286 creatures vanquished.

Vanquished Creatures (others)
  An orc (D:4)
  A giant newt (D:4)
  A fungus (D:2)
  A lurking horror (Abyss:2)
4 creatures vanquished.

Grand Total: 290 creatures vanquished

Notes
Turn   | Place    | Note
--------------------------------------------------------------
     0 | D:1      | sugabear the Vine Stalker Gladiator began the quest for the Orb.
     0 | D:1      | Reached XP level 1. HP: 11/11 MP: 2/2
    99 | D:1      | Reached skill level 3 in Maces & Flails
    99 | D:1      | Reached XP level 2. HP: 15/15 MP: 3/3
   259 | D:1      | Reached XP level 3. HP: 10/18 MP: 4/4
   992 | D:2      | Noticed Natasha
  1005 | D:2      | Killed Natasha
  1005 | D:2      | Reached XP level 4. HP: 2/23 MP: 2/5
  1006 | D:2      | HP: 1/23 [hobgoblin/club (1)]
  1138 | D:2      | Noticed Sigmund
  1201 | D:2      | Reached skill level 1 in Stealth
  1269 | D:2      | Killed Sigmund
  1269 | D:2      | Reached skill level 1 in Armour
  1269 | D:2      | Reached XP level 5. HP: 27/27 MP: 6/6
  1269 | D:2      | Gained mutation: You heal very quickly. [Vine Stalker growth]
  1269 | D:2      | Reached XP level 6. HP: 31/31 MP: 7/7
  1482 | D:2      | Noticed Natasha
  1485 | D:2      | Killed Natasha
  1501 | D:2      | Noticed Natasha
  1520 | D:2      | Killed Natasha
  1680 | D:2      | Noticed Crazy Yiuf
  1687 | D:2      | Killed Crazy Yiuf
  2143 | D:3      | Reached skill level 4 in Maces & Flails
  3031 | D:4      | Noticed Edmund
  3082 | D:3      | Killed Edmund
  3082 | D:3      | Reached XP level 7. HP: 20/35 MP: 4/8
  3303 | D:4      | Found a staircase to the Ecumenical Temple.
  3351 | D:5      | Entered Level 5 of the Dungeon
  3386 | Temple   | Entered the Ecumenical Temple
  3395 | Temple   | Became a worshipper of Kikubaaqudgha
  3559 | D:4      | Found a shimmering altar of Xom.
  4356 | D:5      | Noticed Blork the orc
  4369 | D:5      | Killed Blork the orc
  4369 | D:5      | Reached skill level 1 in Necromancy
  4426 | D:5      | Noticed Grinder
  4493 | D:5      | Noticed Eustachio
  4521 | D:5      | Killed Eustachio
  4521 | D:5      | Gained mutation: You have razor-sharp teeth. [Vine Stalker growth]
  4521 | D:5      | Reached XP level 8. HP: 34/40 MP: 7/9
  4657 | D:5      | Found a deep blue altar of Sif Muna.
  4895 | D:5      | Killed Grinder
  4895 | D:5      | Reached skill level 5 in Maces & Flails
  4981 | D:6      | Reached * piety under Kikubaaqudgha
  4981 | D:6      | Received a gift from Kikubaaqudgha
  4994 | D:6      | Reached skill level 5 in Dodging
  4998 | D:6      | Identified Kikubaaqudgha's Incunabulum of Evil Secrets (Kikubaaqudgha gifted it to you on level 6 of the Dungeon)
  5279 | D:6      | Found an iron altar of Okawaru.
  5326 | D:6      | Found a sparkling altar of Nemelex Xobeh.
  5604 | D:7      | Reached XP level 9. HP: 45/45 MP: 10/10
  6319 | D:8      | Found a blossoming altar of Fedhas.
  6359 | D:8      | Reached ** piety under Kikubaaqudgha
  6538 | D:8      | Reached skill level 5 in Stealth
  6681 | D:8      | Reached skill level 6 in Maces & Flails
  7115 | D:8      | Found a staircase to the Lair.
  7301 | D:8      | You fall through a shaft!
  7393 | D:9      | Reached skill level 5 in Fighting
  7402 | D:9      | Reached XP level 10. HP: 23/51 MP: 11/11
  7558 | D:8      | Found an opulent altar of Gozag.
  7729 | D:9      | Reached skill level 5 in Necromancy
  7736 | D:9      | Found a stormy altar of Qazlal.
  7840 | D:9      | Found a glowing golden altar of the Shining One.
  7921 | D:9      | Reached skill level 7 in Maces & Flails
  8314 | D:10     | Entered Level 10 of the Dungeon
  8372 | D:10     | Reached *** piety under Kikubaaqudgha
  8372 | D:10     | Received a gift from Kikubaaqudgha
  8373 | D:10     | Identified Kikubaaqudgha's Reference Book on Evil (Kikubaaqudgha gifted it to you on level 10 of the Dungeon)
  8662 | D:10     | Noticed a deep elf mage
  8686 | D:10     | Killed a deep elf mage
  9407 | Lair:1   | Entered Level 1 of the Lair of Beasts
  9653 | D:11     | Noticed a cyan ugly thing
  9654 | D:11     | Noticed Psyche
  9678 | D:10     | Killed a cyan ugly thing
  9735 | D:11     | Noticed a hill giant
  9761 | D:10     | Cast into level 2 of the Abyss (Psyche)
  9914 | Abyss:2  | Reached XP level 11. HP: 14/56 MP: 5/12
 10042 | Abyss:2  | Gained mutation: You evolve. [mutagenic meat]
 10099 | Abyss:2  | Noticed a red draconian
 10106 | Abyss:2  | Noticed a tentacled starspawn
 10135 | Abyss:2  | Noticed a large abomination
 10181 | D:10     | Escaped the Abyss
 10184 | D:10     | Blown up by Psyche

Vault maps used:
D:1:      dpeg_arrival_line_fractal
D:2:      minmay_rat_gold_closets, uniq_crazy_yiuf_cottage, uniq_sigmund,
          uniq_natasha
D:3:      grunt_ministairs_8, minivault_5, minmay_misc_feat_square
D:4:      xom_butterflies, temple_fountains, first_bread, uniq_edmund
D:5:      kennysheep_little_box, uniq_eustachio, uniq_blork_the_orc,
          uniq_grinder
D:6:      okawaru_metal_pillars_1_2, kennysheep_mini, minmay_bad_closet,
          serial_bayou_pond_d
D:8:      wad_cavern_with_rooms, grunt_gozag_breadcrumbs,
          fedhas_bush_and_centaur_altar, lair_0_dummy
D:9:      overflow_temple_1_default, nicolae_tso_besieged_by_evil
D:11:     kennysheep_town, uniq_harold, uniq_snorg, uniq_psyche
Temple:   circular_temple_12
Lair:1:   serial_bayou_lagoon_a, beast_lair_carwin_4
Abyss:2:  bh_abyss_xom_lugonu_altar

Action                   |  1- 3 |  4- 6 |  7- 9 | 10-12 || total
-------------------------+-------+-------+-------+-------++-------
Melee: Flail             |   118 |   111 |       |   152 ||   381
       Morningstar       |       |    50 |   360 |   105 ||   515
Throw: Throwing net      |       |     2 |       |     5 ||     7
       Javelin           |       |       |     2 |       ||     2
Evoke: Wand              |       |     3 |     1 |       ||     4
  Use: Scroll            |       |       |    12 |     3 ||    15
       Potion            |       |       |     8 |     2 ||    10
 Stab: Sleeping          |     1 |     8 |    15 |     5 ||    29
       Held in net/web   |       |     2 |       |     1 ||     3
       Distracted        |       |     2 |     1 |       ||     3
       Invisible         |       |     1 |     3 |       ||     4
  Eat: Chunk             |       |     6 |    13 |     8 ||    27
       Beef jerky        |       |     1 |     1 |       ||     2
       Meat ration       |       |       |       |     1 ||     1
       Royal jelly       |       |       |       |     1 ||     1
